 Dungeon Crawl Stone Soup version 0.30-a0-341-g682706514a (webtiles) character file.

Game seed: 16632515993667503943

202 loralnil the Ducker (level 6, -7/40 HPs)
             Began as a Djinni Fire Elementalist on Nov 1, 2022.
             Mangled by Lanoc's ghost (10 damage)
             ... on level 2 of the Dungeon.
             The game lasted 00:09:07 (1969 turns).

loralnil the Ducker (Djinni Fire Elementalist)      Turns: 1969, Time: 00:09:07

Health: -7/40      AC:  5    Str:  7    XL:     6   Next: 8%
Gold:   233        EV: 13    Int: 18    God:
                   SH:  0    Dex: 14

rFire   + + .      SeeInvis .    r - +0 dagger (speed)
rCold   x . .      Faith    .    (no shield)
rNeg    . . .      Spirit   .    a - +0 robe
rPois   ∞          Reflect  .    n - +2 helmet
rElec   .          Harm     .    (no cloak)
rCorr   .          Rampage  .    (no gloves)
Will    +....                    (boots unavailable)
Stlth   ++........               (no amulet)
HPRegen 0.26/turn                g - ring of willpower
MPRegen 0.00/turn                (no ring)

@: flying
A: sickness immunity, fire resistance 2, cold vulnerability 1, float, innate
caster, HP casting, extra vitality 1
a: no special abilities


You were on level 2 of the Dungeon.
You visited 1 branch of the dungeon, and saw 3 of its levels.

You collected 233 gold pieces.

Inventory:

Hand Weapons
 r - a +0 dagger of speed (weapon)
Armour
 a - a +0 robe (worn)
 n - a +2 helmet (worn)
Jewellery
 g - a ring of willpower (left hand)
Wands
 p - a wand of iceblast (8)
Scrolls
 c - a scroll of brand weapon {unknown}
 d - a scroll of magic mapping {unknown}
 e - a scroll of poison {unknown}
 j - a scroll of vulnerability {unknown}
 k - a scroll of teleportation {unknown}
 l - 2 scrolls of fear {unknown}
 o - a scroll of butterflies {unknown}
 q - a scroll of silence {unknown}
Potions
 b - 2 potions of might {unknown}
 f - a potion of curing {unknown}
 h - a potion of mutation {unknown}
 i - a potion of lignification {unknown}
 m - 2 potions of attraction {unknown}


   Skills:
 + Level 4.6 Dodging
 - Level 1.9 Stealth
 + Level 3.7 Spellcasting


You couldn't memorise any spells.
You knew the following spells:

 Your Spells              Type           Power      Damage    Failure   Level
a - Foxfire               Conj/Fire      64%        2x1d7     3%          1
b - Scorch                Fire           32%        2d6       4%          2
c - Kindle Blastsparks    Fire/Tloc/Air  32%        2d12      10%         3
d - Inner Flame           Hex/Fire       16%        N/A       10%         3
e - Flame Wave            Conj/Fire      16%        2d7       32%         4
f - Freeze                Ice            64%        1d7       3%          1
g - Call Imp              Summ           16%        N/A       4%          2
Your spell library was empty.

Dungeon Overview and Level Annotations

Branches:
Dungeon (3/15)

Altars:
Ashenzari
Okawaru

Shops:
D:3 =

Annotations:
D:2 Lanoc's ghost, weakling HOHu


Innate Abilities, Weirdness & Mutations

You are immune to sickness and miasma.
You are immune to poison.
Your flesh is very heat resistant. (rF++)
You are vulnerable to cold. (rC-)
You float through the air rather than walking.
You learn spells naturally, not from books.
Your magical power is your life essence.
You have superior vitality. (+4 MHP)


Message History

Lanoc's ghost hits you but does no damage.
There is a stone staircase leading down here.
Lanoc's ghost attacks as you move away! Lanoc's ghost closely misses you.
Lanoc's ghost attacks as you move away! Lanoc's ghost hits you.
* * * LOW HITPOINT WARNING * * *
There is a stone staircase leading down here.
Lanoc's ghost attacks as you move away! Lanoc's ghost hits you.
* * * LOW HITPOINT WARNING * * *
Lanoc's ghost attacks as you move away! Lanoc's ghost hits you.
* * * LOW HITPOINT WARNING * * *
Lanoc's ghost attacks as you move away! Lanoc's ghost barely misses you.
Lanoc's ghost attacks as you move away! Lanoc's ghost closely misses you.
There is a stone staircase leading down here.
Lanoc's ghost stares at you. Lanoc's ghost attacks as you move away!
Lanoc's ghost hits you.
* * * LOW HITPOINT WARNING * * *
Lanoc's ghost attacks as you move away! Lanoc's ghost hits you.
* * * LOW HITPOINT WARNING * * *
There is a stone staircase leading down here.
Lanoc's ghost says, "Do you have an apple?
I have a shot I want to try."
Lanoc's ghost attacks as you move away!
Lanoc's ghost hits you but does no damage.
Lanoc's ghost makes a sound of rattling chains.
There is a stone staircase leading down here.
Lanoc's ghost attacks as you move away!
Lanoc's ghost hits you but does no damage.
Lanoc's ghost attacks as you move away! Lanoc's ghost barely misses you.
Lanoc's ghost attacks as you move away! Lanoc's ghost completely misses you.
Lanoc's ghost attacks as you move away! Lanoc's ghost closely misses you.
Lanoc's ghost attacks as you move away! Lanoc's ghost barely misses you.
There is a stone staircase leading down here.
Lanoc's ghost attacks as you move away! Lanoc's ghost barely misses you.
Lanoc's ghost attacks as you move away! Lanoc's ghost completely misses you.
Lanoc's ghost attacks as you move away! Lanoc's ghost barely misses you.
Lanoc's ghost attacks as you move away! Lanoc's ghost hits you!
* * * LOW HITPOINT WARNING * * *
Lanoc's ghost ripples.
There is a stone staircase leading down here.
Lanoc's ghost attacks as you move away! Lanoc's ghost hits you!
You die...

#.####...# #..
#######....#...# #.#
#.......##.....### #..
#[.>.......>.....#####.
#........##....#.....#.
#.......####...#####...
#.......# ###.# ###.
#.......# #.# ##
#....W@.# #.# ####.##.#
#.# #.##.# #.#
#####.##.# #.# #####
##...#....## #.# #....
##..........## #.#
#.... #............#
#.## #....
#............#
#..###....
#.....<......#
##...#..#.


You could see Lanoc's ghost.

Vanquished Creatures
  An ogre (D:3)
  A bullfrog skeleton (D:3)
  2 adders (D:2)
  A worm (D:2)
  2 dart slugs
  9 ball pythons
  3 endoplasms
  2 giant cockroaches
  7 goblins
  8 hobgoblins
  2 jackals (D:3)
  8 kobolds
  4 quokkas
  6 bats
  4 frilled lizards
  3 rats
  A spectral goblin (D:3)
64 creatures vanquished.

Vanquished Creatures (others)
  193 foxfires
  5 fungi (D:1)
  4 toadstools (D:1)
202 creatures vanquished.

Grand Total: 266 creatures vanquished

Notes
Turn   | Place    | Note
-------+----------+-------------------------------------------
     0 | D:1      | loralnil the Djinni Fire Elementalist began the quest for
                  | the Orb.
     0 | D:1      | loralnil set off with the following spells memorised:
                  | Foxfire, Scorch, Kindle Blastsparks, Inner Flame, Flame
                  | Wave.
     0 | D:1      | Reached XP level 1. HP: 15/15 MP: 0/0
   136 | D:1      | Reached XP level 2. HP: 18/21 MP: 0/0
   422 | D:1      | Reached XP level 3. HP: 24/25 MP: 0/0
   422 | D:1      | Learned a level 1 spell: Freeze
   629 | D:2      | Reached skill level 3 in Dodging
   990 | D:2      | Reached XP level 4. HP: 30/31 MP: 0/0
  1351 | D:3      | Found Datacyp's Jewellery Boutique.
  1362 | D:3      | Found an iron altar of Okawaru.
  1456 | D:3      | Noticed an ogre
  1464 | D:3      | Killed an ogre
  1465 | D:3      | Reached skill level 4 in Dodging
  1465 | D:3      | Reached XP level 5. HP: 28/35 MP: 0/0
  1465 | D:3      | Learned a level 2 spell: Call Imp
  1644 | D:3      | Found a broken altar of Ashenzari.
  1792 | D:3      | Found a runed translucent gate.
  1792 | D:3      | Found a runed translucent gate.
  1793 | D:3      | Found a runed translucent gate.
  1800 | D:3      | Noticed Lanoc's ghost (weakling HOHu)
  1852 | D:3      | Reached XP level 6. HP: 4/40 MP: 0/0
  1968 | D:2      | HP: 2/40 [Lanoc's ghost (11)]
  1969 | D:2      | Mangled by Lanoc's ghost

Illustrated notes

Levels and vault maps discovered:
D:1:      tarquinn_simple_flora_water_f, layout_rooms, minmay_gold_behind_fungi
D:2:      layout_rooms, minmay_pentomino_w4
D:3:      wad_pebble_path, layout_basic, lemuel_tele_altar,
          okawaru_metal_pillars_1_2, serial_shops, shop,
          dreamdust_ecumenical_altar_drowned_temple, gammafunk_ghost_necromancy

Skill      XL: |  1  2  3  4 |
---------------+-------------+-----
Dodging        | 3 4 |  4.6
Spellcasting   | 3 |  3.7
Stealth        | |  1.9

Action                   |  1- 3 |  4- 6 || total
-------------------------+-------+-------++-------
Melee: Unarmed           |     4 |       ||     4
       Dagger            |       |     2 ||     2
 Cast: Foxfire           |    49 |    59 ||   108
Armor: Robe              |     2 |    18 ||    20
Dodge: Dodged            |    13 |    45 ||    58

Table legend: (Time is in decaauts)
 A = Elapsed time spent in this place.
 B = Non-inter-level travel time spent in this place.
 C = Inter-level travel time spent in this place.
 D = Time resting spent in this place.
 E = Time spent auto-exploring this place.
 F = Levels seen in this place.
 G = Mean time per level.
                   A        B        C        D        E       F      G
               +--------+--------+--------+--------+--------+-----+--------+
         Total |   1965 |   1925 |     40 |     18 |   1302 |   3 |  655.0 |
       Dungeon |   1965 |   1925 |     40 |     18 |   1302 |   3 |  655.0 |
               +--------+--------+--------+--------+--------+-----+--------+

Top non-repeatable levels by time:
     D:2: 738 daAuts
     D:3: 621 daAuts
     D:1: 606 daAuts
